 Dungeon Crawl Stone Soup version 0.29-a0-643-ga013cefcf8 (webtiles) character file.

Game seed: 15304885279442026028

1521 shoop the Summoner (level 9, 66/67 HPs)
             Began as a Meteoran Summoner on June 20, 2022.
             Was an Initiate of Ashenzari.
             Quit the game on level 6 of the Dungeon.
             The game lasted 00:16:08 (1915 turns).

shoop the Summoner (Meteoran Summoner)              Turns: 1915, Time: 00:16:09

Health: 66/67      AC:  4    Str:  9    XL:     9   Next: 31%
Magic:  16/19      EV: 12    Int: 22    God:    Ashenzari [......]
Gold:   39         SH:  0    Dex: 15    Spells: 12/20 levels left

rFire   . . .      SeeInvis .   c - +2 spear (vorpal)
rCold   . . .      Faith    .   (no shield)
rNeg    . . .      Spirit   .   k - +0 leather armour
rPois   .          Reflect  .   l - +0 helmet
rElec   .          Harm     .   (no cloak)
rCorr   .          Rampage  .   (no gloves)
Will    +....                   (no boots)
Stlth   +.........              (no amulet)
HPRegen 0.21/turn               (no ring)
MPRegen 0.16/turn               (no ring)

@: glowing
A: sense surroundings 2, otherworldly, glowing, explore regen
a: Renounce Religion


You were on level 6 of the Dungeon.
You worshipped Ashenzari.
Ashenzari was noncommittal.
You visited 2 branches of the dungeon, and saw 7 of its levels.

You collected 195 gold pieces.
You spent 156 gold pieces at shops.

Inventory:

Hand Weapons
 c - a +2 vorpal spear (weapon)
Missiles
 d - 6 boomerangs
Armour
 a - a +0 robe
 k - a +0 leather armour (worn)
 l - a +0 helmet (worn)
Wands
 q - a wand of iceblast (8)
Scrolls
 f - a scroll of poison {unknown}
 g - 2 scrolls of teleportation
 h - a scroll of amnesia
 j - 2 scrolls of fear
 o - a scroll of fog
Potions
 b - a potion of magic
 e - a potion of might
 i - 2 potions of brilliance {unknown}
 m - a potion of attraction {unknown}
 n - a potion of curing
 p - 2 potions of heal wounds


   Skills:
 - Level 2.0 Fighting
 - Level 2.0 Polearms
 - Level 1.0 Throwing
 - Level 2.0 Armour
 + Level 3.0 Dodging
 - Level 1.4 Stealth
 - Level 6.1 Spellcasting
 - Level 8.0 Summonings
 - Level 5.0 Air Magic
 - Level 7.1 Invocations


You had 12 spell levels left.
You knew the following spells:

 Your Spells              Type           Power      Damage    Failure   Level
a - Call Canine Familiar  Summ           41%        N/A       1%          3
b - Summon Small Mammal   Summ           100%       N/A       1%          1
c - Summon Lightning Spi  Summ/Air       35%        N/A       9%          4

Your spell library contained the following spells:

 Spells                   Type           Power      Damage    Failure   Level
 Call Imp                 Summ           41%        N/A       1%          2
 Summon Guardian Golem    Hex/Summ       24%        N/A       7%          3
 Dazzling Flash           Conj/Hex       12%        N/A       36%         3
 Silence                  Hex/Air        8%         N/A       77%         5
 Agony                    Necr           6%         N/A       98%         5


Dungeon Overview and Level Annotations

Branches:
Dungeon (6/15) Zot: 1811   Temple (1/1) D:4 Zot: 480

Altars:
Ashenzari
Cheibriados
Dithmenos
Elyvilon
Fedhas
Gozag
Hepliaklqana
Kikubaaqudgha
Makhleb
Nemelex Xobeh
Okawaru
Qazlal
Ru
Sif Muna
Trog
Uskayaw
Vehumet
Wu Jian
Xom
Yredelemnul
Zin
The Shining One

Shops:
D:4 *

Annotations:
D:3 Sigmund


Innate Abilities, Weirdness & Mutations

You passively map the area around you.
You are easily found by Zot.
You glow in the dark.
You regain HP and MP as you explore.


Message History

Your wolf's corpse disappears in a puff of smoke!
Your lightning spire shoots out a bolt of lightning at the orc warrior!
The bolt of electricity hits the orc warrior!
The orc warrior dies!
Your Invocations skill increases to level 6!
You hit the orc.
You kill the orc!
You hit the orc.
You kill the orc!
d - 6 boomerangs (gained 2)
Items here: )) [ †.
Things that are here:
a +0 halberd; a +0 plate armour; an orc corpse Your lightning spire disappears in a puff of smoke!
Found a potion of heal wounds.
p - 2 potions of heal wounds (gained 1)
Found 11 gold pieces.
Found an escape hatch in the ceiling.
You now have 39 gold pieces (gained 11).
There is an escape hatch in the ceiling here.
A scorpion comes into view.
Casting: Summon Lightning Spire (dangerous; 9% risk of failure)
Confirm with . or Enter, or press ? or * to list all spells.
An electric hum fills the air.
The scorpion stings your lightning spire but does no damage.
You reach to attack!
You barely miss the scorpion.
The scorpion stings your lightning spire but does no damage.
You reach to attack!
You closely miss the scorpion.
The scorpion barely misses your lightning spire.
Your lightning spire shoots out a bolt of lightning at the scorpion!
The bolt of electricity hits the scorpion!
You could not reach far enough!
The scorpion stings your lightning spire. x2
Your lightning spire shoots out a bolt of lightning at the scorpion!
The bolt of electricity hits the scorpion!
The scorpion dies!
Your Invocations skill increases to level 7!
No target in view!
No target in view!
There is an escape hatch in the ceiling here.
Are you sure you want to abandon this character and quit the game? (Confirm with "yes".)

, * , ** , , *
* , * #########
* , ** *
#...†8..# , ,,,
* * , ,,
#.#####.# , ,
,* ###.#####.##
*, ,
.......@.<.# ,*
,* ,
###.#####..####
,, , *#.....#
#.##.# ,
*,......###.#
*, .#>.. * ** *
####### #.# ,
.... ,* #.#
#... *
.#######.# #$..
* .......#.#
#... , * , ***
#...#######...


There were no monsters in sight!

Vanquished Creatures
  2 scorpions
  A howler monkey (D:5)
  2 hounds
  A gnoll shaman (D:5)
  6 gnolls
  4 adders
  A dart slug (D:2)
  3 orcs
  5 endoplasms
  2 giant cockroaches
  3 hobgoblins
  5 jackals
  A kobold (D:1)
  4 ball pythons
  4 bats
  A frilled lizard (D:2)
  A goblin (D:3)
  4 rats
50 creatures vanquished.

Vanquished Creatures (collateral kills)
  Pikel (D:4)
  Grinder (D:4)
  A water moccasin (D:6)
  An orc warrior (D:6)
  A black bear (D:6)
  A lemure (D:5)
  A scorpion (D:6)
  A jelly (D:6)
  A gnoll shaman (D:6)
  A hound (D:5)
  An iguana (D:6)
  4 gnolls
  A white imp (D:6)
  A jackal (D:1)
  A kobold (D:3)
  A ball python (D:2)
  A bat (D:1)
  A frilled lizard (D:1)
  2 rats (D:1)
23 creatures vanquished.

Grand Total: 73 creatures vanquished

Notes
Turn   | Place    | Note
-------+----------+-------------------------------------------
     0 | D:1      | shoop the Meteoran Summoner began the quest for the Orb.
     0 | D:1      | Reached XP level 1. HP: 14/14 MP: 5/5
    96 | D:1      | Reached skill level 5 in Summonings
    96 | D:1      | Reached XP level 2. HP: 22/22 MP: 4/6
   191 | D:1      | Reached XP level 3. HP: 24/27 MP: 4/8
   235 | D:2      | Learned a level 3 spell: Call Canine Familiar
   413 | D:3      | Noticed Sigmund
   465 | D:3      | Found a faded altar of an unknown god.
   504 | D:3      | Found a broken altar of Ashenzari.
   540 | D:4      | Noticed Grinder
   540 | D:4      | Found Byiheiph's General Store.
   541 | D:4      | Paralysed by Grinder for 4 turns
   547 | D:4      | Noticed a lemure
   550 | D:5      | Entered Level 5 of the Dungeon
   556 | D:5      | Reached skill level 1 in Fighting
   556 | D:5      | Reached skill level 1 in Polearms
   556 | D:5      | Reached skill level 1 in Throwing
   556 | D:5      | Reached XP level 4. HP: 11/35 MP: 5/9
   745 | D:5      | Noticed a scorpion
   753 | D:5      | Killed a scorpion
   754 | D:5      | Reached XP level 5. HP: 32/40 MP: 9/11
   813 | D:5      | Reached skill level 1 in Armour
   837 | D:5      | Reached skill level 6 in Summonings
   837 | D:5      | Reached XP level 6. HP: 43/48 MP: 12/12
   856 | D:5      | Learned a level 4 spell: Summon Lightning Spire
   913 | D:5      | Reached skill level 1 in Air Magic
   971 | D:5      | HP: 3/72 [poisoned by an adder]
   975 | D:5      | HP: 1/72 [poisoned by an adder]
  1197 | D:4      | Killed Grinder
  1198 | D:4      | Reached XP level 7. HP: 40/55 MP: 5/15
  1199 | D:4      | Bought a potion of curing for 39 gold pieces
  1199 | D:4      | Bought a potion of heal wounds for 65 gold pieces
  1205 | D:4      | Noticed Pikel
  1225 | D:4      | Killed Pikel
  1226 | D:4      | Reached skill level 7 in Summonings
  1226 | D:4      | Reached XP level 8. HP: 14/61 MP: 3/18
  1236 | D:4      | Bought a potion of might for 52 gold pieces
  1245 | D:4      | Found a staircase to the Ecumenical Temple.
  1254 | Temple   | Entered the Ecumenical Temple
  1319 | Temple   | Became a worshipper of Uskayaw the Reveller
  1390 | D:4      | Reached * piety under Uskayaw
  1394 | D:4      | Reached ** piety under Uskayaw
  1525 | D:6      | Reached skill level 1 in Invocations
  1532 | D:6      | Reached skill level 8 in Summonings
  1545 | D:6      | Reached skill level 5 in Air Magic
  1552 | D:6      | Gained mutation: You passively map the area around you.
                  | [Meteoran growth]
  1552 | D:6      | Reached XP level 9. HP: 67/67 MP: 8/19
  1555 | D:6      | Fell from the grace of Uskayaw
  1702 | D:3      | Became a worshipper of Ashenzari the Shackled
  1839 | D:6      | Reached skill level 5 in Invocations
  1915 | D:6      | Quit the game

Illustrated notes

Levels and vault maps discovered:
D:1:      dpeg_cavernosity, layout_rooms
D:2:      layout_basic, minmay_misc_feat_cross, serial_bayou_pond_c,
          chequers_serial_rivers_micro_c, serial_park_tiny_pond,
          grunt_ministairs_15
D:3:      layout_loops_cross, nicolae_ashenzari_skybound,
          ebering_ecumenical_altar_petrified, uniq_sigmund
D:4:      layout_loops_ring, minmay_temple_entry_sparse_star, serial_shops,
          nicolae_stop_n_shop_1, shop_coins, uniq_menkaure, uniq_grinder,
          uniq_pikel
D:5:      layout_loops_ring
D:6:      layout_loops_cross, serial_shops, kennysheep_mini_moat,
          hangedman_abyss_or_decor_passed
Temple:   mainiacjoe_temple_starburst

Skill      XL: |  1  2  3  4  5  6  7  8  9 |
---------------+----------------------------+-----
Summonings     | 5 6 7 8 |  8.0
Spellcasting   | 3 4 6 |  6.1
Fighting       | 1 2 |  2.0
Polearms       | 1 2 |  2.0
Throwing       | 1 |  1.0
Dodging        | 3 |  3.0
Armour         | 1 2 |  2.0
Air Magic      | 2 4 5 |  5.0
Invocations    | 4 7 |  7.1
Stealth        | |  1.4

Action                   |  1- 3 |  4- 6 |  7- 9 || total
-------------------------+-------+-------+-------++-------
Melee: Unarmed           |     4 |       |       ||     4
       Spear             |    52 |    66 |    77 ||   195
       Punch             |       |     1 |       ||     1
 Cast: Summon Small Mamm |     9 |       |     4 ||    13
       Call Canine Famil |     2 |     7 |     5 ||    14
       Summon Lightning  |       |     1 |     7 ||     8
Invok: Renounce Religion |       |       |     1 ||     1
  Use: Potion            |       |     2 |       ||     2
       Scroll            |       |       |     4 ||     4
 Stab: Sleeping          |     1 |       |       ||     1
       Distracted        |       |     1 |       ||     1
Armor: Robe              |    10 |       |       ||    10
       Leather armour    |       |    13 |    20 ||    33
       Skin              |       |     8 |       ||     8
Dodge: Dodged            |    18 |    27 |    33 ||    78

Table legend: (Time is in decaauts)
 A = Elapsed time spent in this place.
 B = Non-inter-level travel time spent in this place.
 C = Inter-level travel time spent in this place.
 D = Time resting spent in this place.
 E = Time spent auto-exploring this place.
 F = Levels seen in this place.
 G = Mean time per level.
                   A        B        C        D        E       F      G
               +--------+--------+--------+--------+--------+-----+--------+
         Total |   1908 |   1607 |    301 |      0 |     34 |   7 |  272.6 |
       Dungeon |   1788 |   1541 |    247 |      0 |     34 |   6 |  298.0 |
        Temple |    119 |     65 |     54 |      0 |      0 |   1 |  119.0 |
               +--------+--------+--------+--------+--------+-----+--------+

Top non-repeatable levels by time:
     D:5: 796 daAuts
     D:2: 306 daAuts
     D:3: 231 daAuts
     D:4: 164 daAuts
     D:1: 156 daAuts
     D:6: 132 daAuts
  Temple: 119 daAuts
